 Dungeon Crawl Stone Soup version 0.31.0-11-ge490571c62 (webtiles) character file.

Game seed: 5037049751302593073

2473 Curundu the Cleaver (level 9, -5/115 HPs)
             Began as a Minotaur Berserker on Feb 8, 2024.
             Was a Believer of Trog.
             Slain by a two-headed ogre
             ... wielding a +0 giant club
              (6 damage)
             ... on level 7 of the Dungeon.
             The game lasted 00:16:17 (5660 turns).

Curundu the Cleaver (Minotaur Berserker)            Turns: 5660, Time: 00:16:18

Health: -5/115     AC: 20    Str: 27    XL:     9   Next: 26%
Magic:  8/8        EV:  8    Int:  4    God:    Trog [**....]
Gold:   292        SH:  4    Dex:  9    Spells: 8/8 levels left

rFire   . . .        m - +1 war axe
rCold   . . .        a - +0 buckler
rNeg    . . .        n - +0 plate armour
rPois   +            (helmet restricted)
rElec   .            b - +1 cloak {rPois}
rCorr   .            d - +0 pair of gloves
SInv    .            g - +2 pair of boots
Will    .....        (no amulet) Stlth
                     (no ring)
HPRegen 0.39/turn    (no ring)
MPRegen 0.11/turn

%: no passive effects
@: berserking, very quick
A: horns 2, retaliatory headbutt
a: Renounce Religion, Berserk, Trog's Hand


You were on level 7 of the Dungeon.
You worshipped Trog.
Trog was pleased with you.
You visited 1 branch of the dungeon, and saw 7 of its levels.

You collected 292 gold pieces.

Inventory:

Hand Weapons
 m - a +1 war axe (weapon)
Missiles
 w - a throwing net (quivered)
Armour
 a - a +0 buckler (worn)
 b - a +1 cloak of poison resistance (worn)
 d - a +0 pair of gloves (worn)
 g - a +2 pair of boots (worn)
 n - a +0 plate armour (worn)
Jewellery
 e - a ring of protection from cold
 q - a +6 ring of dexterity
 s - an amulet of reflection
 v - an amulet of regeneration
Wands
 l - a wand of paralysis (6)
 t - a wand of polymorph (4)
 u - a wand of roots (12)
 x - a wand of mindburst (7)
Scrolls
 h - 4 scrolls of identify
 i - 3 scrolls of brand weapon {unknown}
Potions
 c - 2 potions of cancellation
 f - 2 potions of curing
 j - 3 potions of heal wounds
 k - 2 potions of lignification
 o - a potion of haste
 p - a potion of might
 r - a potion of ambrosia {unknown}


   Skills:
 * Level 6.3 Fighting
 + Level 9.6 Axes
 * Level 7.8 Armour
 * Level 3.7 Dodging
 - Level 0.6 Stealth
 * Level 4.8 Shields
 * Level 3.6 Evocations


You had 8 spell levels left.
You didn't know any spells.
Your spell library was empty.

Dungeon Overview and Level Annotations

Branches:
Dungeon (7/15)
 Temple: D:4-7

Altars:
Dithmenos
Ru

Shops:
D:4 =


Innate Abilities, Weirdness & Mutations

You have a pair of horns on your head.
You reflexively headbutt those who attack you in melee.


Message History

Found 3 stones.
Found a glaive.
You see here 3 stones.
A two-headed ogre comes into view. It is wielding two +0 giant clubs.
The two-headed ogre shouts in stereo!
The two-headed ogre hits you but does no damage. x2
You barely miss the two-headed ogre.
The two-headed ogre hits you with a +0 giant club!
The two-headed ogre barely misses you.
You barely miss the two-headed ogre. You headbutt the two-headed ogre.
The two-headed ogre is lightly wounded.
You hit the two-headed ogre.
The two-headed ogre is lightly wounded.
The two-headed ogre hits you with a +0 giant club!
The two-headed ogre closely misses you.
You hit the two-headed ogre. You headbutt the two-headed ogre.
The two-headed ogre is moderately wounded.
The two-headed ogre hits you with a +0 giant club!!
The two-headed ogre hits you but does no damage.
You barely miss the two-headed ogre.
The two-headed ogre is moderately wounded.
The two-headed ogre completely misses you.
The two-headed ogre hits you with a +0 giant club!
* * * LOW HITPOINT WARNING * * *
A red film seems to cover your vision as you go berserk!
You feel yourself moving faster!
You feel mighty!
You completely miss the two-headed ogre.
The two-headed ogre is moderately wounded.
The two-headed ogre hits you with a +0 giant club!
* * * LOW HITPOINT WARNING * * *
The two-headed ogre hits you with a +0 giant club!
* * * LOW HITPOINT WARNING * * *
You slash the two-headed ogre!
The two-headed ogre is heavily wounded.
You hit the two-headed ogre.
The two-headed ogre is heavily wounded.
The two-headed ogre hits you with a +0 giant club.
* * * LOW HITPOINT WARNING * * *
The two-headed ogre hits you with a +0 giant club.
You die...

# .# .##. ..# ..#.# #.# .....
... ....# .# #.# ..#.# .# #.#
..#.###.# #.# .<#.....##+###
#O# # ..#.##.......# #@#.#
...).........###.#.#
..)).........+.....#
....)#.#.....###.#......
#.##...#.....###.#.#####
#.####.........#.# # #.#
#.)###### #.# #.####..#####
#.#
............##.#.############


You could see a two-headed ogre.

Vanquished Creatures
  A troll (D:5)
  Grinder (D:3)
  Prince Ribbit (D:5)
  Eustachio (D:5)
  A steam dragon (D:6)
  A water moccasin (D:5)
  An ice beast (D:5)
  2 black bears
  An ogre (D:4)
  A phantom (D:5)
  A scorpion (D:5)
  A howler monkey (D:5)
  4 jellies
  3 bombardier beetles
  2 hounds
  Crazy Yiuf (D:3)
  3 gnoll boudas
  A sleepcap (D:5)
  Ijyb (D:3)
  5 iguanas
  An orc wizard (D:4)
  Natasha (D:3)
  7 adders
  16 gnolls
  A shadow imp (D:5)
  2 white imps (D:5)
  4 ribbon worms
  4 dart slugs
  6 orcs
  3 endoplasms
  5 giant cockroaches
  6 goblins
  4 hobgoblins
  4 jackals (D:4)
  4 quokkas
  5 ball pythons
  3 bats
  2 frilled lizards
  8 kobolds
  3 rats
122 creatures vanquished.

Notes
Turn   | Place    | Note
-------+----------+-------------------------------------------
     0 | D:1      | Curundu the Minotaur Berserker began the quest for the Orb.
     0 | D:1      | Reached XP level 1. HP: 19/19 MP: 0/0
    81 | D:1      | Found a faded altar of an unknown god.
   244 | D:1      | Reached XP level 2. HP: 27/27 MP: 1/1
   260 | D:1      | Reached skill level 4 in Axes
   764 | D:2      | Reached XP level 3. HP: 34/34 MP: 2/2
   915 | D:2      | Reached ** piety under Trog
  1021 | D:2      | Reached XP level 4. HP: 36/41 MP: 3/3
  1039 | D:2      | You fall into a shaft and drop 1 floor!
  1041 | D:3      | Noticed Ijyb
  1041 | D:3      | Paralysed by Ijyb for 5 turns
  1056 | D:3      | Killed Ijyb
  1064 | D:3      | Reached skill level 5 in Axes
  1094 | D:3      | Noticed Grinder
  1107 | D:3      | Killed Grinder
  1108 | D:3      | Reached skill level 5 in Fighting
  1108 | D:3      | Reached skill level 6 in Axes
  1108 | D:3      | Reached XP level 5. HP: 29/48 MP: 4/4
  1108 | D:3      | Reached XP level 6. HP: 33/56 MP: 5/5
  1478 | D:3      | Found a sacrificial altar of Ru.
  1487 | D:3      | Noticed Natasha
  1496 | D:3      | Killed Natasha
  1677 | D:3      | Found a runed translucent door.
  1678 | D:3      | Noticed Crazy Yiuf
  1686 | D:3      | Killed Crazy Yiuf
  1947 | D:4      | Found Loytina's Jewellery Shoppe.
  2229 | D:4      | Reached XP level 7. HP: 31/61 MP: 6/6
  2230 | D:4      | Reached skill level 1 in Evocations
  2240 | D:4      | Reached skill level 7 in Axes
  3173 | D:5      | Entered Level 5 of the Dungeon
  3189 | D:5      | Reached skill level 5 in Armour
  3200 | D:5      | Reached XP level 8. HP: 68/69 MP: 7/7
  3373 | D:5      | Reached skill level 8 in Axes
  3807 | D:5      | Noticed Prince Ribbit
  3819 | D:5      | Killed Prince Ribbit
  3820 | D:5      | Reached skill level 9 in Axes
  3961 | D:5      | Noticed a troll
  3963 | D:5      | Noticed Eustachio
  3969 | D:5      | Killed a troll
  3981 | D:5      | Killed Eustachio
  3982 | D:5      | Reached XP level 9. HP: 72/75 MP: 8/8
  5160 | D:6      | Found a shadowy altar of Dithmenos.
  5374 | D:7      | HP: 4/115 [burnt (2)]
  5648 | D:7      | Noticed a two-headed ogre
  5658 | D:7      | HP: 3/115 [two-headed ogre/+0 giant club (16)]
  5660 | D:7      | HP: 1/115 [two-headed ogre/+0 giant club (2)]
  5660 | D:7      | Slain by a two-headed ogre

Illustrated notes

Levels and vault maps discovered:
D:1:      matt_arrival_diagonals, layout_basic,
          hellmonk_ecumenical_altar_prayer_group
D:2:      layout_basic, basic_altar
D:3:      layout_loops_ring, lemuel_crystal_altar, hangedman_decor_riveting,
          kennysheep_big_empty_room, hangedman_abyss_or_decor_stabs, uniq_ijyb,
          uniq_natasha, uniq_grinder, uniq_crazy_yiuf_cottage
D:4:      layout_gridville, serial_shops, nicolae_shop_waterfront
D:5:      nicolae_cairo_tiling_large_dashed, layout_loops_ring,
          minmay_pentangle, uniq_eustachio, uniq_prince_ribbit1
D:6:      layout_cave_pods, kennysheep_mini_moat, nrook_uturn
D:7:      layout_basic, minmay_temple_entry_poolview,
          nicolae_concentric_dashed_squares_wild, grunt_ministairs_6

Skill      XL: |  1  2  3  4  5  6  7  8  9 |
---------------+----------------------------+-----
Fighting       | 4 5 6 |  6.3
Axes           | 4 6 7 9 |  9.6
Armour         | 3 5 6 7 |  7.8
Dodging        | 3 |  3.7
Shields        | 2 3 4 |  4.8
Evocations     | 2 3 |  3.6
Stealth        | |  0.6

Action                     |  1- 3 |  4- 6 |  7- 9 || total
---------------------------+-------+-------+-------++-------
  Melee: Hand axe          |    84 |    13 |       ||    97
         Headbutt          |     8 |     8 |    34 ||    50
         War axe           |       |    44 |   172 ||   216
 Invoke: Trog's Hand       |       |     4 |     1 ||     5
         Berserk           |       |     1 |     5 ||     6
    Use: Scroll            |       |     7 |     6 ||    13
 Armour: Animal skin       |    54 |    17 |       ||    71
         Plate armour      |       |    85 |   221 ||   306
  Dodge: Dodged            |    49 |    45 |    81 ||   175
  Block: Buckler           |       |    11 |    51 ||    62
